PBL
COLUMBUS REDS @ DETROIT RED WINGS
10/08/2049
 
TOP OF THE 1ST
Chester Pirates batting - Pitching for Windy City ThunderBolts : RHP Jan van de Wal
Pitching: RHP Jan van de Wal
Batting: RHB Raul Mendoza 0-0: Foul Ball, location: 2F
0-1: Foul Ball, location: 2F
0-2: Foul Ball, location: 2F
0-2: Ground out 1-3 (Groundball, 34S, EV 83.8 MPH)
Batting: RHB Slamet Pamungkas 0-0: Ball
1-0: SOLO HOME RUN (Flyball, 7LD, EV 104.4 MPH), Distance : 349 ft
Batting: RHB Yoshiaki Tsutsui 0-0: Ball
1-0: Ball
2-0: Fly out, F7 (Flyball, 7D, EV 81.9 MPH)
Batting: RHB Marcos Ortiz 0-0: Hit by Pitch
Batting: RHB Ernie Weathersbee 0-0: Foul Ball, location: 2F
0-1: Ball
1-1: Swinging Strike
1-2: SINGLE (Groundball, 6MD, EV 107.5 MPH)
Marcos Ortiz to second
Runner from 2nd tries for 3rd, OUT! 8-5
Top of the 1st over - 1 run, 2 hits, 0 errors, 1 left on base; Chester 1 - Windy City 0
BOTTOM OF THE 1ST
Windy City ThunderBolts batting - Pitching for Chester Pirates : RHP Jim Hawkins
Pitching: RHP Jim Hawkins
Batting: RHB Larry Cassell 0-0: Called Strike
0-1: Ball
1-1: Called Strike
1-2: Foul Ball, location: 2F
1-2: Strikes out swinging
Batting: LHB Paul Fink 0-0: Called Strike
0-1: Swinging Strike
0-2: Strikes out swinging
Batting: RHB Osvaldo Corunha 0-0: Ground out 1-3 (Groundball, 15, EV 81.9 MPH)
Bottom of the 1st over - 0 runs, 0 hits, 0 errors, 0 left on base; Chester 1 - Windy City 0
TOP OF THE 2ND
Chester Pirates batting - Pitching for Windy City ThunderBolts : RHP Jan van de Wal
Batting: RHB Lupe Covarrubias 0-0: Ball
1-0: Called Strike
1-1: Called Strike
1-2: Ball
2-2: Strikes out looking
Batting: RHB David de la Rosa 0-0: Bunted foul
0-1: Ball
1-1: Foul Ball, location: 2F
1-2: Foul Ball, location: 2F
1-2: Ball
2-2: Ball
3-2: Fly out, F8 (Flyball, 89D, EV 90.6 MPH)
Batting: RHB Kevin Hamilton 0-0: Swinging Strike
0-1: Swinging Strike
0-2: Ball
1-2: Ball
2-2: Strikes out swinging
Top of the 2nd over - 0 runs, 0 hits, 0 errors, 0 left on base; Chester 1 - Windy City 0
BOTTOM OF THE 2ND
Windy City ThunderBolts batting - Pitching for Chester Pirates : RHP Jim Hawkins
Batting: LHB Ubbe Jorna 0-0: Ball
1-0: Ball
2-0: Ball
3-0: Base on Balls
Batting: RHB Chris Groff 0-0: Ball
1-0: Foul Ball, location: 2F
1-1: Swinging Strike
1-2: Grounds into double play, 6-4-3 (Groundball, 6, EV 76.3 MPH)
Batting: RHB Corey Lungaro 0-0: Called Strike
0-1: Ball
1-1: Foul Ball, location: 2F
1-2: Ground out 4-3 (Groundball, 4, EV 86.9 MPH)
Bottom of the 2nd over - 0 runs, 0 hits, 0 errors, 0 left on base; Chester 1 - Windy City 0
TOP OF THE 3RD
Chester Pirates batting - Pitching for Windy City ThunderBolts : RHP Jan van de Wal
Batting: RHB Tyler Smith 0-0: Called Strike
0-1: Ball
1-1: Foul Ball, location: 2F
1-2: Ground out 4-3 (Groundball, 4, EV 86.9 MPH)
Batting: RHB Raul Mendoza 0-0: Ball
1-0: Called Strike
1-1: DOUBLE (Line Drive, 9LD, EV 110.0 MPH)
Batting: RHB Slamet Pamungkas 0-0: Swinging Strike
0-1: Ball
1-1: Ball
2-1: Swinging Strike
2-2: Foul Ball, location: 2F
2-2: Foul Ball, location: 2F
2-2: Foul Ball, location: 2F
2-2: Ball
3-2: SINGLE (Line Drive, 8RS, EV 105.6 MPH)
Raul Mendoza to third
Runner from 3rd tries for Home, SAFE, throw by CF to home
Batting: RHB Yoshiaki Tsutsui 0-0: Ball
1-0: Ball
2-0: Ball
3-0: Called Strike
3-1: Called Strike
3-2: Foul Ball, location: 2F
3-2: Base on Balls
Slamet Pamungkas to second
Batting: RHB Marcos Ortiz 0-0: Ball
1-0: Ball
2-0: Ball
3-0: Base on Balls
Slamet Pamungkas to third
Yoshiaki Tsutsui to second
Batting: RHB Ernie Weathersbee 0-0: Grounds into fielders choice 1-2 (Groundball, P, EV 78.8 MPH)
Yoshiaki Tsutsui to third
Marcos Ortiz to second
Batting: RHB Lupe Covarrubias 0-0: Ball
1-0: Ball
2-0: Called Strike
2-1: Foul Ball, location: 2F
2-2: SINGLE (Flyball, 7LS, EV 87.5 MPH)
Yoshiaki Tsutsui scores
Marcos Ortiz to third
Ernie Weathersbee to second
Batting: RHB David de la Rosa 0-0: Swinging Strike
Passed Ball!
Marcos Ortiz scores
Ernie Weathersbee to third
Lupe Covarrubias to second
0-1: Foul Ball, location: 2F
0-2: Foul Ball, location: 2F
0-2: Ground out 5-3 (Groundball, 56, EV 109.4 MPH)
Top of the 3rd over - 3 runs, 3 hits, 0 errors, 2 left on base; Chester 4 - Windy City 0
BOTTOM OF THE 3RD
Windy City ThunderBolts batting - Pitching for Chester Pirates : RHP Jim Hawkins
Batting: RHB Nate Barany 0-0: Ground out 5-3 (Groundball, 5S, EV 81.3 MPH)
Batting: RHB Rick Linders 0-0: SINGLE (Groundball, 34D, EV 104.4 MPH)
Batting: RHB Miguel Aybar 0-0: Ball
Rick Linders steals 2nd base
1-0: Called Strike
1-1: Ball
2-1: Ball
3-1: Called Strike
3-2: Foul Ball, location: 2F
3-2: Fly out, F8 (Flyball, 78M, EV 86.9 MPH)
Batting: RHB Larry Cassell 0-0: Foul Ball, location: 2F
0-1: Ball
1-1: Ball
2-1: Foul Ball, location: 2F
2-2: Fly out, F7 (Line Drive, 7, EV 92.5 MPH)
Bottom of the 3rd over - 0 runs, 1 hit, 0 errors, 1 left on base; Chester 4 - Windy City 0
TOP OF THE 4TH
Chester Pirates batting - Pitching for Windy City ThunderBolts : RHP Jan van de Wal
Batting: RHB Kevin Hamilton 0-0: Called Strike
0-1: Ball
1-1: DOUBLE (Line Drive, 89D, EV 100.6 MPH)
Batting: RHB Tyler Smith 0-0: Ball
1-0: Foul Ball, location: 2F
1-1: Foul Ball, location: 2F
1-2: Ball
2-2: Fly out, F9 (Line Drive, 9, EV 106.9 MPH)
Batting: RHB Raul Mendoza 0-0: Swinging Strike
0-1: Swinging Strike
0-2: Ball
1-2: Strikes out swinging
Batting: RHB Slamet Pamungkas 0-0: Ball
1-0: Called Strike
1-1: Ground out 3-1 (Groundball, 34, EV 105.6 MPH)
Top of the 4th over - 0 runs, 1 hit, 0 errors, 1 left on base; Chester 4 - Windy City 0
BOTTOM OF THE 4TH
Windy City ThunderBolts batting - Pitching for Chester Pirates : RHP Jim Hawkins
Batting: LHB Paul Fink 0-0: Ball
1-0: Foul Ball, location: 2F
1-1: Called Strike
1-2: Foul Ball, location: 2F
1-2: Strikes out looking
Batting: RHB Osvaldo Corunha 0-0: Fly out, F9 (Flyball, 9S, EV 81.9 MPH)
Batting: LHB Ubbe Jorna 0-0: Called Strike
0-1: Ball
1-1: Foul Ball, location: 2F
1-2: Ball
2-2: Ball
3-2: Reached on error, E4 (Groundball, 34, EV 84.4 MPH)
Batting: RHB Chris Groff 0-0: Called Strike
0-1: Swinging Strike
0-2: Strikes out swinging
Bottom of the 4th over - 0 runs, 0 hits, 1 error, 1 left on base; Chester 4 - Windy City 0
TOP OF THE 5TH
Chester Pirates batting - Pitching for Windy City ThunderBolts : RHP Jan van de Wal
Pitching: LHP Sam Ward
Batting: RHB Yoshiaki Tsutsui 0-0: Called Strike
0-1: Ball
1-1: Ball
2-1: Called Strike
2-2: SINGLE (Groundball, 34D, EV 110.0 MPH)
Batting: RHB Marcos Ortiz 0-0: Ball
1-0: Foul Ball, location: 2F
1-1: Ball
2-1: Ball
3-1: Called Strike
3-2: Base on Balls
Yoshiaki Tsutsui to second
Batting: RHB Ernie Weathersbee 0-0: Ball
1-0: Swinging Strike
1-1: Called Strike
1-2: Foul Ball, location: 2F
1-2: Ball
2-2: Foul Ball, location: 2F
2-2: DOUBLE (Line Drive, 89XD, EV 99.4 MPH)
Yoshiaki Tsutsui scores
Marcos Ortiz to third
Batting: RHB Lupe Covarrubias 0-0: Swinging Strike
0-1: Called Strike
0-2: Ball
1-2: Foul Ball, location: 2F
1-2: Ball
2-2: Strikes out swinging
Batting: RHB David de la Rosa 0-0: Fly out, F9 (Flyball, 9D, EV 104.4 MPH)
Runner from 3rd tags up, SCORES, no throw by RF
Ernie Weathersbee to third
Batting: RHB Kevin Hamilton 0-0: Ball
1-0: Called Strike
1-1: Ground out 1-3 (Groundball, 34S, EV 95.0 MPH)
Top of the 5th over - 2 runs, 2 hits, 0 errors, 1 left on base; Chester 6 - Windy City 0
BOTTOM OF THE 5TH
Windy City ThunderBolts batting - Pitching for Chester Pirates : RHP Jim Hawkins
Batting: RHB Corey Lungaro 0-0: Fly out, F8 (Flyball, 8RM, EV 90.6 MPH)
Batting: RHB Nate Barany 0-0: Ball
1-0: Foul Ball, location: 2F
1-1: Foul Ball, location: 2F
1-2: Foul Ball, location: 2F
1-2: Hit by Pitch
Batting: RHB Rick Linders 0-0: Ball
1-0: Ball
2-0: Swinging Strike
2-1: Swinging Strike
2-2: Strikes out swinging
Batting: RHB Miguel Aybar Pickoff Throw to First - Error! E1
Nate Barany to second
0-0: Foul Ball, location: 2F
0-1: Foul Ball, location: 2F
0-2: Strikes out swinging
Bottom of the 5th over - 0 runs, 0 hits, 1 error, 1 left on base; Chester 6 - Windy City 0
TOP OF THE 6TH
Chester Pirates batting - Pitching for Windy City ThunderBolts : LHP Sam Ward
Batting: RHB Tyler Smith 0-0: Ground out 3-1 (Groundball, 34, EV 101.3 MPH)
Batting: RHB Raul Mendoza 0-0: Called Strike
0-1: Fly out, F8 (Flyball, 8RS, EV 82.5 MPH)
Batting: RHB Slamet Pamungkas 0-0: Foul Ball, location: 2F
0-1: Foul Ball, location: 2F
0-2: Ball
1-2: Ball
2-2: Ball
3-2: Base on Balls
Batting: RHB Yoshiaki Tsutsui 0-0: Ball
1-0: Foul Ball, location: 2F
1-1: Ball
2-1: Ball
3-1: Base on Balls
Slamet Pamungkas to second
Batting: RHB Marcos Ortiz 0-0: Foul Ball, location: 2F
0-1: 3-RUN HOME RUN (Flyball, 7D, EV 111.3 MPH), Distance : 371 ft
Pitching: RHP Stephen Toms
Batting: RHB Ernie Weathersbee 0-0: Ball
1-0: Fly out, F9 (Line Drive, 9, EV 109.4 MPH)
Top of the 6th over - 3 runs, 1 hit, 0 errors, 0 left on base; Chester 9 - Windy City 0
BOTTOM OF THE 6TH
Windy City ThunderBolts batting - Pitching for Chester Pirates : RHP Jim Hawkins
Batting: RHB Larry Cassell 0-0: Ball
1-0: Ball
2-0: Ball
3-0: Base on Balls
Batting: LHB Paul Fink 0-0: Called Strike
0-1: Ball
1-1: Ball
2-1: Swinging Strike
2-2: Ball
3-2: Foul Ball, location: 2F
3-2: Fly out, F7 (Flyball, 7D, EV 106.3 MPH)
Batting: RHB Osvaldo Corunha 0-0: Called Strike
0-1: Called Strike
0-2: Grounds into double play, 5-4-3 (Groundball, 56S, EV 78.1 MPH)
Bottom of the 6th over - 0 runs, 0 hits, 0 errors, 0 left on base; Chester 9 - Windy City 0
TOP OF THE 7TH
Chester Pirates batting - Pitching for Windy City ThunderBolts : RHP Stephen Toms
Batting: RHB Lupe Covarrubias 0-0: Foul Ball, location: 2F
0-1: Foul Ball, location: 2F
0-2: Ball
1-2: Ball
2-2: Ball
3-2: Base on Balls
Batting: RHB David de la Rosa 0-0: Called Strike
0-1: Foul Ball, location: 2F
0-2: Foul Ball, location: 2F
0-2: Foul Ball, location: 2F
0-2: Ball
1-2: Ball
2-2: Foul Ball, location: 2F
2-2: Foul Ball, location: 2F
2-2: Ball
3-2: Fly out, F8 (Flyball, 8LM, EV 96.9 MPH)
Batting: RHB Kevin Hamilton 0-0: Called Strike
0-1: Swinging Strike
0-2: Strikes out swinging
Batting: RHB Tyler Smith 0-0: Foul Ball, location: 2F
0-1: Swinging Strike
0-2: Ground out U3 (Groundball, 3L, EV 91.9 MPH)
Top of the 7th over - 0 runs, 0 hits, 0 errors, 1 left on base; Chester 9 - Windy City 0
BOTTOM OF THE 7TH
Windy City ThunderBolts batting - Pitching for Chester Pirates : RHP Jim Hawkins
Pinch Hitting: RHB Evan Broyles 0-0: Ball
1-0: Swinging Strike
1-1: Swinging Strike
1-2: Strikes out swinging
Batting: RHB Chris Groff 0-0: Ball
1-0: Ball
2-0: Called Strike
2-1: Ball
3-1: Base on Balls
Pinch Hitting: LHB Bill Gould 0-0: Ball
1-0: Ball
2-0: Fly out, F5 (Line Drive, 5, EV 64.4 MPH)
Batting: RHB Nate Barany 0-0: Called Strike
0-1: Ball
1-1: Foul Ball, location: 2F
1-2: Ball
2-2: Ball
3-2: Foul Ball, location: 2F
3-2: Ground out 4-3 (Groundball, 4, EV 95.0 MPH)
Bottom of the 7th over - 0 runs, 0 hits, 0 errors, 1 left on base; Chester 9 - Windy City 0
TOP OF THE 8TH
Chester Pirates batting - Pitching for Windy City ThunderBolts : RHP Stephen Toms
Now in LF: Bill Gould
Now in CF: Evan Broyles
Pinch Hitting: RHB Josh Yoder 0-0: Ball
1-0: Ball
2-0: SINGLE (Groundball, 56S, EV 75.0 MPH) (infield hit)
Pinch Hitting: RHB Emmanuel Thomas 0-0: Fly out, F9 (Flyball, 9, EV 81.9 MPH)
Pinch Hitting: LHB Barry Rivera 0-0: Called Strike
0-1: DOUBLE (Line Drive, 5D, EV 98.8 MPH)
Josh Yoder to third
Pinch Hitting: RHB Jorge Aguilar 0-0: Called Strike
0-1: Swinging Strike
0-2: Ball
1-2: Foul Ball, location: 2F
1-2: Ball
2-2: Foul Ball, location: 2F
2-2: Strikes out swinging
Pinch Hitting: RHB Adam McCollom 0-0: Ball
1-0: Called Strike
1-1: Ground out 6-3 (Groundball, 6, EV 88.1 MPH)
Top of the 8th over - 0 runs, 2 hits, 0 errors, 2 left on base; Chester 9 - Windy City 0
BOTTOM OF THE 8TH
Windy City ThunderBolts batting - Pitching for Chester Pirates : RHP Jim Hawkins
Now at 3B: Colin Peters
Now at SS: Emmanuel Thomas
Now in LF: Adam McCollom
Now in CF: Josh Yoder
Now in RF: Barry Rivera
Pinch Hitting: RHB Bryan Grams 0-0: Called Strike
0-1: Foul Ball, location: 2F
0-2: SINGLE (Flyball, 9LS, EV 97.5 MPH)
Batting: RHB Miguel Aybar 0-0: Ball
1-0: Ball
2-0: Ball
3-0: Called Strike
3-1: Swinging Strike
3-2: TRIPLE (Flyball, 8RXD, EV 111.3 MPH)
Bryan Grams scores
Pitching: RHP Jason Gunn
Batting: RHB Larry Cassell 0-0: Swinging Strike
0-1: Ball
1-1: Foul Ball, location: 2F
1-2: Fly out, F8 (Flyball, 8LS, EV 82.5 MPH)
Runner from 3rd tags up, SCORES, throw by CF
Batting: LHB Paul Fink 0-0: Reached on error, E4 (Groundball, 34, EV 111.9 MPH)
Pinch Hitting: RHB Terrell Walker 0-0: Swinging Strike
0-1: Foul Ball, location: 2F
0-2: Ball
1-2: Ball
2-2: Strikes out swinging
Batting: RHB Evan Broyles 0-0: 2-RUN HOME RUN (Flyball, 9D, EV 99.4 MPH), Distance : 359 ft
Batting: RHB Chris Groff 0-0: Foul Ball, location: 2F
0-1: Called Strike
0-2: Ground out 6-3 (Groundball, 6, EV 82.5 MPH)
Bottom of the 8th over - 4 runs, 3 hits, 1 error, 0 left on base; Chester 9 - Windy City 4
TOP OF THE 9TH
Chester Pirates batting - Pitching for Windy City ThunderBolts : RHP Stephen Toms
Now at 1B: John Huck
Now at 2B: Bryan Grams
Batting: RHB Lupe Covarrubias 0-0: Ball
1-0: Fly out, F9 (Line Drive, 9, EV 86.9 MPH)
Batting: RHB David de la Rosa 0-0: Ball
1-0: Swinging Strike
1-1: Ball
2-1: Ball
3-1: Foul Ball, location: 2F
3-2: Base on Balls
Pitching: RHP Scott Eisenbach
Batting: RHB Kevin Hamilton 0-0: Ball
1-0: Foul Ball, location: 2F
1-1: Foul Ball, location: 2F
1-2: Foul Ball, location: 2F
1-2: Ball
2-2: Foul Ball, location: 2F
2-2: Strikes out swinging
Batting: RHB Tyler Smith 0-0: Ball
1-0: Ball
David de la Rosa steals 2nd base
2-0: Called Strike
2-1: Ball
3-1: Fly out, F4 (Popup, 3D, EV 50.6 MPH)
Top of the 9th over - 0 runs, 0 hits, 0 errors, 1 left on base; Chester 9 - Windy City 4
BOTTOM OF THE 9TH
Windy City ThunderBolts batting - Pitching for Chester Pirates : RHP Jason Gunn
Batting: LHB Bill Gould 0-0: Called Strike
0-1: Ball
1-1: Ball
2-1: Called Strike
2-2: Ball
3-2: Base on Balls
Batting: RHB Nate Barany 0-0: Ball
1-0: Foul Ball, location: 2F
1-1: Grounds out, U3 (Groundball, 3L, EV 88.1 MPH)
Batting: RHB Bryan Grams 0-0: Called Strike
0-1: Ball
Wild Pitch!
Bill Gould to third
1-1: Swinging Strike
1-2: Foul Ball, location: 2F
1-2: Fly out, F9 (Flyball, 9S, EV 87.5 MPH)
Batting: RHB Miguel Aybar 0-0: Fly out, F8 (Flyball, 8RXD, EV 80.6 MPH)
Bottom of the 9th over - 0 runs, 0 hits, 0 errors, 1 left on base; Chester 9 - Windy City 4
Sunday, July 16th , 2023 - OOTP Baseball 24.6 Build 69